 Dungeon Crawl Stone Soup version 0.19-a0-1318-ga6180ab (webtiles) character file.

77 AlphabetPasta the Conjurer (level 4, -1/29 HPs)
             Began as a High Elf Wanderer on Aug 31, 2016.
             Killed from afar by an orc wizard (11 damage)
             ... with a puff of flame
             ... on level 3 of the Dungeon.
             The game lasted 00:11:04 (2215 turns).

AlphabetPasta the Conjurer (High Elf Wanderer)      Turns: 2215, Time: 00:11:05

Health: -1/29      AC:  6    Str: 12    XL:     4   Next: 14%
Magic:  4/9        EV: 12    Int: 19    God:
Gold:   64         SH:  0    Dex: 14    Spells: 1 memorised, 8 levels left

rFire  . . .     SeeInvis .     a - +2 falchion
rCold  . . .     Gourm    .     d - +1 robe
rNeg   . . .     Faith    .     (no shield)
rPois  .         Spirit   .     p - +2 hat {Int+3}
rElec  .         Dismiss  .     q - +0 cloak
rCorr  .         Reflect  .     (no gloves)
MR     .....     Harm     .     (no boots)
Stlth  ++........               (no amulet)
                                (no ring)
                                (no ring)

@: no status effects
A: no striking features
a: no special abilities


You were on level 3 of the Dungeon.
You were not hungry.

You visited 1 branch of the dungeon, and saw 3 of its levels.

You collected 64 gold pieces.

Inventory:

Hand Weapons
 a - a +2 falchion (weapon)
 e - a +0 dagger
Armour
 d - a +1 robe (worn)
 p - a +2 hat of intelligence (worn)
 q - a +0 cloak (worn)
Jewellery
 i - an uncursed ring of poison resistance {unknown}
Scrolls
 m - a scroll of recharging
Potions
 c - a potion of lignification
 h - a potion of brilliance {unknown}
 k - a potion of degeneration {unknown}
 o - 2 potions of cure mutation {unknown}
Books
 b - the Guide on Intoxication

   Spells                             Type                      Level
   a - Sting                          Conjuration/Poison           1
   b - Spider Form                    Transmutation/Poison         3
Comestibles
 f - a bread ration
 j - a meat ration
 l - 3 chunks of flesh
 n - a beef jerky


   Skills:
 - Level 2.0 Fighting
 - Level 1.2 Long Blades
 + Level 1.8 Dodging
 - Level 2.1 Stealth
 + Level 3.2 Spellcasting
 * Level 3.8 Conjurations
   Level 1.0 Fire Magic


You had 8 spell levels left.
You knew the following spells:

 Your Spells              Type           Power        Failure   Level  Hunger
a - Sting                 Conj/Pois      ##..         10%         1    None


Dungeon Overview and Level Annotations

Branches:
Dungeon (3/15)

Altars:
Kikubaaqudgha
Yredelemnul


Message History

A sky beast appears from thin air!
Reactivating autopickup.
Casting: Sting
Confirm with . or Enter, or press ? or * to list all spells.
Aiming: Sting
Press: ? - help, Shift-Dir - straight line, f/p - sky beast
Aim: a sky beast (severely wounded)
The sting misses the sky beast.
Your surroundings suddenly seem different.
Found 20 bolts.
Found an escape hatch in the ceiling.
A giant gecko, an adder, 3 orcs and a dart slug come into view.
An orc is wielding a dagger of electrocution.
The orc wizard shouts!
You hear the slow rusting of a very distant drain.
The dart slug launches a dart at you. The slug dart hits you!
The giant gecko hisses angrily.
The orc wizard points at you and mumbles some strange words.
The puff of flame hits you!
You die...

.. .S.....# ..
......# .. ...l..#
#. .....# #.
.....###. #.
#...l....
######.####.......#
.......@....o..o..+
.....w.####...o..(#
#####+# ###.....#
..<..# ....# #####


You could see an orc priest, an orc wizard, a dart slug and a giant gecko.

Vanquished Creatures
  2 adders
  An ooze (D:1)
  2 worms (D:2)
  2 dart slugs (D:1)
  A giant gecko (D:3)
  7 bats
  4 goblins
  3 hobgoblins (D:1)
  7 jackals (D:2)
  5 kobolds
  2 quokkas (D:2)
  4 giant newts
  A rat (D:1)
41 creatures vanquished.

Notes
Turn   | Place    | Note
-------+----------+-------------------------------------------
     0 | D:1      | AlphabetPasta the High Elf Wanderer began the quest for the Orb.
     0 | D:1      | AlphabetPasta set off with: a +2 falchion, the Guide on Intoxication, a potion of lignification, a +0 robe, a +0 dagger, a bread ration
     0 | D:1      | Reached XP level 1. HP: 14/14 MP: 4/4
     0 | D:1      | Identified the Guide on Intoxication
     2 | D:1      | Learned a level 1 spell: Sting
   335 | D:1      | Reached XP level 2. HP: 4/19 MP: 0/6
   948 | D:1      | Reached skill level 1 in Dodging
  1155 | D:2      | Reached XP level 3. HP: 24/24 MP: 2/8
  1245 | D:2      | Found an ancient bone altar of Kikubaaqudgha.
  1975 | D:2      | Found a basalt altar of Yredelemnul.
  2066 | D:3      | Reached XP level 4. HP: 29/29 MP: 6/9
  2159 | D:3      | Noticed a sky beast
  2215 | D:3      | Killed from afar by an orc wizard

Vault maps used:
D:1:      dpeg_arrival_long_road
D:2:      lemuel_round_altar, kiku_gazebo_garden_becter
D:3:      gup_sewer_entry_pipe, kennysheep_generic_room_2

Skill      XL: |  1  2  3 |
---------------+----------+-----
Conjurations   | 3 |  3.8
Dodging        | 1 |  1.8
Spellcasting   | 3 |  3.2
Fighting       | |  2.0
Long Blades    | |  1.2
Stealth        | |  2.1
Fire Magic     | |  1.0

Action                   |  1- 3 |  4- 6 || total
-------------------------+-------+-------++-------
Melee: Falchion          |    53 |     3 ||    56
 Cast: Sting             |    79 |    16 ||    95
  Use: Scroll            |     4 |     1 ||     5
  Eat: Chunk             |     4 |       ||     4
Armor: Robe              |    21 |     5 ||    26
Dodge: Dodged            |    39 |     4 ||    43
